 Dungeon Crawl Stone Soup version 0.31-a0-940-gdaa99269f9 (webtiles) character file.

Game seed: 7650853989636942144

3570 jlumianski the Grappler (level 10, -2/66 (68) HPs)
             Began as a Gnoll Shapeshifter on Oct 21, 2023.
             Was a Follower of Hepliaklqana.
             Killed from afar by an electric eel (6 damage)
             ... with a bolt of electricity
             ... on level 7 of the Dungeon.
             The game lasted 00:28:29 (7162 turns).

jlumianski the Grappler (Gnoll Shapeshifter)        Turns: 7162, Time: 00:28:29

HP:   -2/66 (68)    AC: 13    Str: 24    XL:     10   Next: 9%
MP:   0/17          EV:  9    Int: 10    God:    Hepliaklqana [*.....]
Gold: 345           SH:  0    Dex: 11    Spells: 19/19 levels left

rFire   + .          .
                       - Unarmed
rCold   . . .        (no shield)
rNeg    . . .        N - +1 plate armour {rF+}
rPois   .            (helmet currently unavailable)
rElec   .            (cloak currently unavailable)
rCorr   .            (gloves currently unavailable)
SInv    .            (boots currently unavailable)
Will    +....        v - amulet of guardian spirit Stlth
                     W - ring of willpower
HPRegen 0.31/turn    q - +6 ring of strength
MPRegen 0.15/turn

%: guardian spirit
@: beast-form, lightly drained
A: beast (slay +4), reduced essence, fangs 1, strong nose, distributed training
a: Begin Untransformation, Renounce Religion, Recall Ancestor, Ancestor Identity


You were on level 7 of the Dungeon.
You worshipped Hepliaklqana.
Hepliaklqana was aware of your devotion.
You were a hulking beast.
You visited 1 branch of the dungeon, and saw 8 of its levels.

You collected 345 gold pieces.

Inventory:

Hand Weapons
 e - a +0 sling
 h - a +2 dagger of venom
 w - a +0 rapier
 H - a +2 whip of electrocution
 I - a +0 battleaxe
 K - a +4 flail of protection
 T - a +1 dagger of flaming
Missiles
 F - 33 poisoned darts (quivered)
 G - a throwing net
Armour
 a - a +0 animal skin
 g - a +2 pair of gloves
 l - a +3 ring mail
 s - a +0 scale mail of poison resistance
 t - a +0 chain mail
 C - a +0 pair of boots
 D - a +2 cloak
 L - a +2 scale mail of willpower
 N - a +1 plate armour of fire resistance (worn)
Magical Staves
 o - a staff of cold
 x - a staff of death
 y - a staff of air
Jewellery
 i - a ring of protection from fire
 q - a +6 ring of strength (right hand)
 v - an amulet of guardian spirit (around neck)
 V - a ring of fire
 W - a ring of willpower (left hand)
Talismans
 c - a beast talisman (active)
 d - a flux talisman
 j - a serpent talisman
Wands
 k - a wand of paralysis (10)
 M - a wand of iceblast (7)
 X - a wand of flame (23)
Scrolls
 f - a scroll of teleportation
 n - a scroll of noise
 p - a scroll of fog
 E - a scroll of enchant armour {unknown}
 O - a scroll of fear {unknown}
 S - a scroll of amnesia {unknown}
 U - a scroll of poison {unknown}
 Y - a scroll of immolation {unknown}
 Z - a scroll of torment {unknown}
Potions
 b - 2 potions of lignification
 m - 4 potions of invisibility
 r - 2 potions of attraction
 u - a potion of might
 z - 2 potions of enlightenment
 J - 3 potions of brilliance {unknown}
 P - a potion of haste {unknown}
 Q - a potion of magic {unknown}
 R - a potion of heal wounds {unknown}


   Skills:
 + Level 5.7 Fighting
 + Level 5.0 Short Blades
 + Level 5.0 Long Blades
 + Level 5.0 Axes
 + Level 5.0 Maces & Flails
 + Level 5.0 Polearms
 + Level 5.0 Staves
 + Level 5.0 Ranged Weapons
 + Level 5.0 Throwing
 + Level 5.0 Armour
 + Level 6.9 Dodging
 + Level 5.0 Stealth
 + Level 5.0 Shields
 + Level 8.3 Unarmed Combat
 + Level 5.0 Spellcasting
 + Level 4.1 Conjurations
 + Level 4.1 Hexes
 + Level 4.1 Summonings
 + Level 4.1 Necromancy
 + Level 4.1 Translocations
 + Level 4.1 Transmutations
 + Level 4.1 Fire Magic
 + Level 4.1 Ice Magic
 + Level 4.1 Air Magic
 + Level 4.1 Earth Magic
 + Level 4.1 Poison Magic
 + Level 5.5 Invocations
 + Level 5.0 Evocations
 + Level 8.1 Shapeshifting


You had 19 spell levels left.
You didn't know any spells.
Your spell library contained the following spells:

 Spells                   Type           Power      Damage    Failure   Level
 Slow                     Hex            40%        N/A       54%         1
 Confusing Touch          Hex            10%        N/A       88%         3
 Gell's Gravitas          Tloc           10%        N/A       88%         3
 Sigil of Binding         Hex            10%        N/A       88%         3
 Teleport Other           Tloc           10%        N/A       88%         3
 Vampiric Draining        Necr           10%        2d6       88%         3
 Dispersal                Tloc           5%         N/A       100%        6


Dungeon Overview and Level Annotations

Branches:
Dungeon (8/15)             Temple (0/1) D:6
   Lair: D:8-11

Altars:
Elyvilon
Gozag
Hepliaklqana
Kikubaaqudgha
Xom


Innate Abilities, Weirdness & Mutations

You are a hulking beast.
Your limbs bulge with bestial killing power. (Slay +4)
Your life essence is reduced to manifest your ancestor. (-10% HP)
You have very sharp teeth.
Your uncanny sense of smell can sniff out nearby items.
Your experience applies equally to all skills.


Message History

The gnoll hits Septimus with a +0 spear!
The gnoll bouda barks out a call to the hunt!
The gnoll picks up the pace!
The shadow hits you.
Septimus misses the gnoll.
The scorpion closely misses you.
The wight hits Septimus with a +4 battleaxe!
The gnoll hits Septimus but does no damage.
The shadow slips into darkness.
The shadow flickers and vanishes!
Deactivating autopickup; reactivate with Ctrl-A.
Your surroundings suddenly seem different.
Splash!
You fall into the shallow water.
Moving in this stuff is going to be slow.
Septimus has departed this plane of existence.
The electric eel shoots out a bolt of lightning at you!
The bolt of electricity hits you.
You feel better.
You feel less invigorated.
The electric eel shoots out a bolt of lightning at you!
The bolt of electricity hits you!
The electric eel shoots out a bolt of lightning at you!
The bolt of electricity hits you!
The electric eel shoots out a bolt of lightning at you!
The bolt of electricity hits you.
The electric eel shoots out a bolt of lightning at you!
The bolt of electricity hits you.
* * * LOW HITPOINT WARNING * * *
The electric eel shoots out a bolt of lightning at you!
The bolt of electricity hits you!
* * * LOW HITPOINT WARNING * * *
The electric eel shoots out a bolt of lightning at you!
The bolt of electricity hits the electric eel.
The electric eel completely resists.
The bolt of electricity hits you!
* * * LOW HITPOINT WARNING * * *
The electric eel shoots out a bolt of lightning at you!
The bolt of electricity hits you.
* * * LOW HITPOINT WARNING * * *
The electric eel shoots out a bolt of lightning at you!
The bolt of electricity hits you!
You die...

#>........#......{.szRgg##
..#....[.)..)).(########
#..)...##.....##
#..##.#<.#.......# ##
#.#..#.......#
#....#.......#
#....##.....##
#....#..##...>#
###..#..#####h#####
#......####......#
......P...........#
.~~...~~≈..~~~~S.....#
~~P~~~≈≈≈~~S~~≈~S.....#
≈≈≈≈~~~≈≈≈≈≈≈S≈~.S.....#
~P≈.~≈~~≈≈≈≈≈≈≈P≈~......
~~.P..~P≈P~≈≈≈≈≈~~≈...##
.......~~.P~P~≈≈≈≈~P...#


You could see 5 electric eels.

Vanquished Creatures
  Grinder (D:3)
  Prince Ribbit (D:4)
  2 steam dragons
  Menkaure (D:5)
  Edmund (D:5)
  Duvessa (D:6)
  An orc warrior (D:6)
  3 black bears
  A sky beast (D:7)
  An ice beast (D:4)
  An ogre (D:6)
  A phantom (D:5)
  The ghost of grtsk the Sneak, an amateur OpEn (D:3)
  2 kobold brigands
  A bullfrog (D:7)
  5 scorpions
  7 wights
  Dowan (D:6)
  2 hounds
  A jelly (D:5)
  5 orc priests
  A gnoll bouda (D:4)
  Ijyb (D:5)
  5 orc wizards
  Natasha (thrice) (D:3)
  9 adders
  6 gnolls
  2 dart slugs
  18 orcs
  3 endoplasms
  3 giant cockroaches
  8 goblins
  3 hobgoblins
  6 jackals (D:4)
  12 kobolds
  4 quokkas
  5 ball pythons
  13 bats
  A rat (D:2)
143 creatures vanquished.

Vanquished Creatures (collateral kills)
  A black bear (D:7)
  A bullfrog (D:7)
  A jelly (D:7)
  A gnoll (D:7)
  3 orcs
7 creatures vanquished.

Vanquished Creatures (others)
  3 ancestors
  2 kobolds (D:7)
5 creatures vanquished.

Grand Total: 155 creatures vanquished

Notes
Turn   | Place    | Note
-------+----------+-------------------------------------------
     0 | D:1      | jlumianski the Gnoll Shapeshifter began the quest for the
                  | Orb.
     0 | D:1      | Reached XP level 1. HP: 17/17 MP: 1/1
   243 | D:2      | Reached XP level 2. HP: 13/23 MP: 2/2
  1051 | D:2      | Reached XP level 3. HP: 28/28 MP: 3/3
  1105 | D:3      | Reached skill level 1 in Invocations
  1577 | D:3      | Reached skill level 1 in Short Blades
  1577 | D:3      | Reached skill level 1 in Long Blades
  1577 | D:3      | Reached skill level 1 in Axes
  1577 | D:3      | Reached skill level 1 in Maces & Flails
  1577 | D:3      | Reached skill level 1 in Polearms
  1577 | D:3      | Reached skill level 1 in Staves
  1577 | D:3      | Reached skill level 1 in Ranged Weapons
  1577 | D:3      | Reached skill level 1 in Throwing
  1577 | D:3      | Reached skill level 1 in Armour
  1577 | D:3      | Reached skill level 1 in Stealth
  1577 | D:3      | Reached skill level 1 in Shields
  1577 | D:3      | Reached skill level 1 in Spellcasting
  1577 | D:3      | Reached skill level 1 in Evocations
  1647 | D:3      | Noticed Natasha
  1657 | D:3      | Killed Natasha
  1658 | D:3      | Reached XP level 4. HP: 23/34 MP: 2/5
  1749 | D:3      | Reached skill level 1 in Conjurations
  1749 | D:3      | Reached skill level 1 in Hexes
  1749 | D:3      | Reached skill level 1 in Summonings
  1749 | D:3      | Reached skill level 1 in Necromancy
  1749 | D:3      | Reached skill level 1 in Translocations
  1749 | D:3      | Reached skill level 1 in Transmutations
  1749 | D:3      | Reached skill level 1 in Fire Magic
  1749 | D:3      | Reached skill level 1 in Ice Magic
  1749 | D:3      | Reached skill level 1 in Air Magic
  1749 | D:3      | Reached skill level 1 in Earth Magic
  1749 | D:3      | Reached skill level 1 in Poison Magic
  1782 | D:3      | Noticed Grinder
  1788 | D:3      | Paralysed by Grinder for 2 turns
  1797 | D:3      | Killed Grinder
  1798 | D:3      | Reached skill level 5 in Dodging
  1798 | D:3      | Reached XP level 5. HP: 25/41 MP: 2/8
  1798 | D:3      | Reached XP level 6. HP: 28/47 MP: 2/9
  2002 | D:3      | Found a white marble altar of Elyvilon.
  2024 | D:3      | Noticed Natasha
  2034 | D:3      | Killed Natasha
  2124 | D:3      | Noticed Natasha
  2136 | D:3      | Killed Natasha
  2210 | D:3      | Found a large runed translucent door.
  2210 | D:3      | Found a large runed translucent door.
  2212 | D:3      | Noticed grtsk's ghost (amateur OpEn)
  2422 | D:4      | Found an ancient bone altar of Kikubaaqudgha.
  2878 | D:3      | Killed grtsk's ghost
  2879 | D:3      | Reached XP level 7. HP: 52/52 MP: 10/10
  3033 | D:5      | Entered Level 5 of the Dungeon
  3314 | D:5      | Found an opulent altar of Gozag.
  3342 | D:5      | Noticed Menkaure
  3342 | D:5      | Noticed Ijyb
  3580 | D:4      | Reached XP level 8. HP: 45/59 MP: 6/12
  3772 | D:5      | Noticed Prince Ribbit
  3861 | D:4      | Killed Prince Ribbit
  4108 | D:4      | Found a shimmering altar of Xom.
  4109 | D:4      | Found a hazy altar of Hepliaklqana.
  4110 | D:4      | Noticed a spectral ugly thing
  4125 | D:4      | Became a worshipper of Hepliaklqana the Forgotten
  4598 | D:5      | Noticed Edmund
  4618 | D:5      | Killed Edmund
  4943 | D:5      | Reached XP level 9. HP: 61/66 MP: 12/14
  4957 | D:5      | Killed Menkaure
  5054 | D:5      | Killed Ijyb
  5384 | D:6      | Reached skill level 5 in Fighting
  5427 | D:7      | Identified the "Imalafuc"
  5481 | D:6      | Found a staircase to the Ecumenical Temple.
  5518 | D:6      | Noticed Dowan
  5528 | D:6      | Killed Dowan
  5627 | D:6      | Reached * piety under Hepliaklqana
  5627 | D:6      | Noticed Duvessa
  5640 | D:6      | Killed Duvessa
  5866 | D:6      | Reached skill level 5 in Invocations
  6321 | D:6      | You fall into a shaft and drop 2 floors!
  6861 | D:7      | Reached XP level 10. HP: 57/67 MP: 15/17
  7040 | D:7      | Reached skill level 5 in Short Blades
  7040 | D:7      | Reached skill level 5 in Long Blades
  7040 | D:7      | Reached skill level 5 in Axes
  7040 | D:7      | Reached skill level 5 in Maces & Flails
  7040 | D:7      | Reached skill level 5 in Polearms
  7040 | D:7      | Reached skill level 5 in Staves
  7040 | D:7      | Reached skill level 5 in Ranged Weapons
  7040 | D:7      | Reached skill level 5 in Throwing
  7040 | D:7      | Reached skill level 5 in Armour
  7040 | D:7      | Reached skill level 5 in Stealth
  7040 | D:7      | Reached skill level 5 in Shields
  7040 | D:7      | Reached skill level 5 in Spellcasting
  7040 | D:7      | Reached skill level 5 in Evocations
  7135 | D:7      | Identified the +5 leather armour of Zin's Indignation
                  | {Drain Will+ Int+5 Stlth+}
  7162 | D:7      | Killed from afar by an electric eel

Illustrated notes

Levels and vault maps discovered:
D:1:      dpeg_arrival_yet_another_circle, layout_loops_corners
D:2:      layout_basic, roderic_cross_of_infinity, grunt_ministairs_6
D:3:      layout_basic, elyvilon_altar_5, ebering_ghost_disaster_area,
          roderic_batcave, uniq_natasha, uniq_grinder
D:4:      layout_loops_cross, regret_index_temple_of_mockery,
          kiku_gazebo_pond_becter, kennysheep_generic_room_14
D:5:      layout_basic, mainiacjoe_overflow_alcove_1, uniq_ijyb, uniq_edmund,
          uniq_prince_ribbit1, uniq_menkaure
D:6:      layout_basic, minmay_temple_entry_statues_pillars, uniq_duvessa
D:7:      layout_rooms, minitemple, lemuel_doored_altar, chequers_big_river,
          minivault_25, grunt_potential
D:8:      minmay_bubble_buster, layout_cave_pools, trog_butcher_becter,
          serial_shops, shop

Skill      XL: |  1  2  3  4  5  6  7  8  9 10 |
---------------+-------------------------------+-----
Invocations    | 1 2 3 4 5 |  5.5
Short Blades   | 1 2 3 4 5 |  5.0
Long Blades    | 1 2 3 4 5 |  5.0
Axes           | 1 2 3 4 5 |  5.0
Maces & Flails | 1 2 3 4 5 |  5.0
Polearms       | 1 2 3 4 5 |  5.0
Staves         | 1 2 3 4 5 |  5.0
Ranged Weapons | 1 2 3 4 5 |  5.0
Throwing       | 1 2 3 4 5 |  5.0
Armour         | 1 2 3 4 5 |  5.0
Stealth        | 1 2 3 4 5 |  5.0
Shields        | 1 2 3 4 5 |  5.0
Spellcasting   | 1 2 3 4 5 |  5.0
Evocations     | 1 2 3 4 5 |  5.0
Conjurations   | 1 2 3 4 |  4.1
Hexes          | 1 2 3 4 |  4.1
Summonings     | 1 2 3 4 |  4.1
Necromancy     | 1 2 3 4 |  4.1
Translocations | 1 2 3 4 |  4.1
Transmutations | 1 2 3 4 |  4.1
Fire Magic     | 1 2 3 4 |  4.1
Ice Magic      | 1 2 3 4 |  4.1
Air Magic      | 1 2 3 4 |  4.1
Earth Magic    | 1 2 3 4 |  4.1
Poison Magic   | 1 2 3 4 |  4.1
Fighting       | 3 4 5 |  5.7
Dodging        | 5 6 |  6.9
Unarmed Combat | 7 8 |  8.3
Shapeshifting  | 7 8 |  8.1

Action                     |  1- 3 |  4- 6 |  7- 9 | 10-12 || total
---------------------------+-------+-------+-------+-------++-------
  Melee: Unarmed           |    67 |    48 |   283 |    39 ||   437
         Bite              |     2 |     5 |    33 |     1 ||    41
         Punch             |     1 |     2 |    17 |     3 ||    23
  Throw: Dart              |       |       |     5 |       ||     5
 Invoke: Recall Ancestor   |       |       |     2 |     1 ||     3
    Use: Scroll            |       |     4 |     5 |     1 ||    10
         Potion            |       |     1 |     1 |     2 ||     4
   Stab: Sleeping          |     1 |       |       |       ||     1
 Armour: Animal skin       |    14 |       |       |       ||    14
         Ring mail         |    11 |       |       |       ||    11
         Scale mail        |     7 |    25 |   115 |       ||   147
         Plate armour      |       |       |   111 |    66 ||   177
  Dodge: Dodged            |    45 |    31 |   145 |    27 ||   248

Table legend: (Time is in decaauts)
 A = Elapsed time spent in this place.
 B = Non-inter-level travel time spent in this place.
 C = Inter-level travel time spent in this place.
 D = Time resting spent in this place.
 E = Time spent auto-exploring this place.
 F = Levels seen in this place.
 G = Mean time per level.
                   A        B        C        D        E       F      G
               +--------+--------+--------+--------+--------+-----+--------+
         Total |   7143 |   6982 |    161 |   1030 |   3551 |   8 |  892.9 |
       Dungeon |   7143 |   6982 |    161 |   1030 |   3551 |   8 |  892.9 |
               +--------+--------+--------+--------+--------+-----+--------+

Top non-repeatable levels by time:
     D:6: 1371 daAuts
     D:3: 1282 daAuts
     D:4: 1249 daAuts
     D:5: 1196 daAuts
     D:1: 966 daAuts
     D:2: 547 daAuts
     D:7: 493 daAuts
     D:8: 36 daAuts
